cohdb
Replays
Latest Replays
All Replays
Popular Replays
Top Player Replays
Match Explorer
How It Works
Community
CoH3 Stats
Reddit
Sign in to upload your games and track your stats! →
Sign in with Steam
Match 41791838
Unlisted
Match 41791838
Overview
Messages
Build Orders
End
Panzergrenadier Squad
250 Light Carrier
Panzergrenadier Squad
Construct Light Support Kompanie
MG34 Team
Construct Mechanized Kompanie
8 Rad Armored Car
Assault Mechanized Group
Support Armor Elements
MG34 Team
Marder III Tank Destroyer
Selects Panzerjäger Kommand Battlegroup
Pak 38 Anti-tank Gun Team
Assault Mechanized Group
StuG III D Assault Gun
Selects Mine Fields
Pak 38 Anti-tank Gun Team
ToxinX
Kavkoo
Паинтер
Holtty
mp5
Dawes
ekimon
Yami
0
0
Comments
sign in to comment!
No comments posted yet!